TOP OF THE 1ST |
Bellevue Bruins batting - Pitching for Kennesaw Jets : LHP Dave Welch
|
Pitching: LHP Dave Welch
|
|
Batting: LHB Orlando López
|
0-0: SINGLE (Flyball, 9S)
|
Batting: RHB Jesús Vargas
|
0-0: Ball 1-0: Swinging Strike 1-1: Swinging Strike 1-2: Ball 2-2: Strikes out looking Orlando López steals 2nd base Batter strikes out.
|
Batting: RHB José Carlos Pérez
|
0-0: Called Strike Orlando López steals 3rd base 0-1: SINGLE (Groundball, 56) Orlando López scores
|
Batting: RHB Nelson Abbey
|
0-0: Swinging Strike 0-1: Swinging Strike 0-2: Ball 1-2: Foul Ball, location: 2F 1-2: Foul Ball, location: 2F 1-2: Strikes out swinging
|
Batting: SHB Ernesto Valenzuela
|
0-0: Ball 1-0: Called Strike 1-1: Ball 2-1: Called Strike 2-2: Ball 3-2: Foul Ball, location: 2F 3-2: Strikes out swinging
|
Top of the 1st over - 1 run(s), 2 hit(s), 0 error(s), 1 left on base; Bellevue 1 - Kennesaw 0 |
BOTTOM OF THE 1ST |
Kennesaw Jets batting - Pitching for Bellevue Bruins : RHP Roberto Covas
|
Pitching: RHP Roberto Covas
|
|
Batting: RHB Raúl Guerrero
|
0-0: Called Strike 0-1: Ground out 6-3 (Groundball, 6)
|
Batting: RHB Raúl Javier Jr.
|
0-0: Swinging Strike 0-1: Ball 1-1: Called Strike 1-2: Strikes out swinging
|
Batting: RHB Miguel Angel González
|
0-0: Foul Ball, location: 2F 0-1: Swinging Strike 0-2: Ball 1-2: Ball 2-2: Strikes out swinging
|
Bottom of the 1st over - 0 run(s), 0 hit(s), 0 error(s), 0 left on base; Bellevue 1 - Kennesaw 0 |
TOP OF THE 2ND |
Bellevue Bruins batting - Pitching for Kennesaw Jets : LHP Dave Welch
|
Batting: RHB Leo Shoemaker
|
0-0: Ball 1-0: Called Strike 1-1: Fly out, F4 (Line Drive, 34)
|
Batting: RHB Edgar González
|
0-0: Called Strike 0-1: Called Strike 0-2: Ball 1-2: Ball 2-2: Foul Ball, location: 2F 2-2: Strikes out swinging
|
Batting: RHB Luis Rodríguez
|
0-0: Ball 1-0: Foul Ball, location: 2F 1-1: Fly out, F8 (Flyball, 89M)
|
Top of the 2nd over - 0 run(s), 0 hit(s), 0 error(s), 0 left on base; Bellevue 1 - Kennesaw 0 |
BOTTOM OF THE 2ND |
Kennesaw Jets batting - Pitching for Bellevue Bruins : RHP Roberto Covas
|
Batting: RHB Leroy Rijerkerk
|
0-0: Called Strike 0-1: Ball 1-1: Called Strike 1-2: Ground out 5-3 (Groundball, 5D)
|
Batting: LHB Nelson Martínez
|
0-0: Ball 1-0: Ground out 4-3 (Groundball, 4)
|
Batting: RHB José Ramos
|
0-0: Fly out, F7 (Flyball, 7M)
|
Bottom of the 2nd over - 0 run(s), 0 hit(s), 0 error(s), 0 left on base; Bellevue 1 - Kennesaw 0 |
TOP OF THE 3RD |
Bellevue Bruins batting - Pitching for Kennesaw Jets : LHP Dave Welch
|
Batting: RHB Nick Hoskins
|
0-0: Bunt missed! 0-1: Foul Ball, location: 2F 0-2: Ball 1-2: Fly out, F9 (Flyball, 9S)
|
Batting: LHB Orlando López
|
0-0: Ball 1-0: Ground out 1-3 (Groundball, 15)
|
Batting: RHB Jesús Vargas
|
0-0: Ball 1-0: Called Strike 1-1: Foul Ball, location: 2F 1-2: Ball 2-2: Fly out, F7 (Flyball, 7LSF)
|
Top of the 3rd over - 0 run(s), 0 hit(s), 0 error(s), 0 left on base; Bellevue 1 - Kennesaw 0 |
BOTTOM OF THE 3RD |
Kennesaw Jets batting - Pitching for Bellevue Bruins : RHP Roberto Covas
|
Batting: RHB Carlos Soto
|
0-0: Called Strike 0-1: Ball 1-1: Ground out 5-3 (Groundball, 5S)
|
Batting: RHB Clarence Therrien
|
0-0: Foul Ball, location: 2F 0-1: Swinging Strike 0-2: Strikes out swinging
|
Batting: SHB Juan Torres
|
0-0: Ball 1-0: Fly out, F5 (Popup, 5)
|
Bottom of the 3rd over - 0 run(s), 0 hit(s), 0 error(s), 0 left on base; Bellevue 1 - Kennesaw 0 |
TOP OF THE 4TH |
Bellevue Bruins batting - Pitching for Kennesaw Jets : LHP Dave Welch
|
Batting: RHB José Carlos Pérez
|
0-0: Called Strike 0-1: Fly out, F9 (Flyball, 89M)
|
Batting: RHB Nelson Abbey
|
0-0: Ball 1-0: Called Strike 1-1: Ball 2-1: Ball 3-1: Foul Ball, location: 2F 3-2: Strikes out swinging
|
Batting: SHB Ernesto Valenzuela
|
0-0: Swinging Strike 0-1: Foul Ball, location: 2F 0-2: Strikes out looking
|
Top of the 4th over - 0 run(s), 0 hit(s), 0 error(s), 0 left on base; Bellevue 1 - Kennesaw 0 |
BOTTOM OF THE 4TH |
Kennesaw Jets batting - Pitching for Bellevue Bruins : RHP Roberto Covas
|
Batting: RHB Raúl Guerrero
|
0-0: Foul Ball, location: 2F 0-1: Ball 1-1: Ball 2-1: Ball 3-1: Base on Balls
|
Batting: RHB Raúl Javier Jr.
|
0-0: Grounds into double play, 1-4-3 (Groundball, 13S)
|
Batting: RHB Miguel Angel González
|
0-0: Called Strike 0-1: Ball 1-1: Ball 2-1: Called Strike 2-2: Ball 3-2: Foul Ball, location: 2F 3-2: Foul Ball, location: 2F 3-2: Ground out 4-3 (Groundball, 4)
|
Bottom of the 4th over - 0 run(s), 0 hit(s), 0 error(s), 0 left on base; Bellevue 1 - Kennesaw 0 |
TOP OF THE 5TH |
Bellevue Bruins batting - Pitching for Kennesaw Jets : LHP Dave Welch
|
Batting: RHB Leo Shoemaker
|
0-0: Fly out, F9 (Flyball, 9LMF)
|
Batting: RHB Edgar González
|
0-0: Called Strike 0-1: Ball 1-1: Ball 2-1: Foul Ball, location: 2F 2-2: Ball 3-2: Foul Ball, location: 2F 3-2: Base on Balls
|
Batting: RHB Luis Rodríguez
|
0-0: Called Strike 0-1: Ball 1-1: Foul Ball, location: 2F 1-2: TRIPLE (Flyball, 89M) Edgar González scores
|
Batting: RHB Nick Hoskins
|
0-0: Ball 1-0: Ball 2-0: Ball 3-0: Base on Balls
|
Batting: LHB Orlando López
|
0-0: Ball 1-0: Called Strike 1-1: Foul Ball, location: 2F 1-2: Ball 2-2: Grounds into double play, 4-6-3 (Groundball, 4)
|
Top of the 5th over - 1 run(s), 1 hit(s), 0 error(s), 1 left on base; Bellevue 2 - Kennesaw 0 |
BOTTOM OF THE 5TH |
Kennesaw Jets batting - Pitching for Bellevue Bruins : RHP Roberto Covas
|
Batting: RHB Leroy Rijerkerk
|
0-0: Ball 1-0: Called Strike 1-1: DOUBLE (Line Drive, 9LS)
|
Batting: LHB Nelson Martínez
|
0-0: Ball 1-0: SINGLE (Groundball, 3D) Leroy Rijerkerk to third
|
Batting: RHB José Ramos
|
0-0: Swinging Strike 0-1: Foul Ball, location: 2F 0-2: Ball 1-2: Ball 2-2: Fly out, F4 (Popup, 34)
|
Batting: RHB Carlos Soto
|
0-0: Ball 1-0: Called Strike 1-1: Ball 2-1: Ground out 4-3 (Groundball, 4M) Leroy Rijerkerk scores Nelson Martínez to second
|
Batting: RHB Clarence Therrien
|
0-0: Ball 1-0: Swinging Strike 1-1: Ball 2-1: Fly out, F8 (Flyball, 8RM)
|
Bottom of the 5th over - 1 run(s), 2 hit(s), 0 error(s), 1 left on base; Bellevue 2 - Kennesaw 1 |
TOP OF THE 6TH |
Bellevue Bruins batting - Pitching for Kennesaw Jets : LHP Dave Welch
|
Batting: RHB Jesús Vargas
|
0-0: Ball 1-0: Swinging Strike 1-1: Foul Ball, location: 2F 1-2: Foul Ball, location: 2F 1-2: Ball 2-2: Foul Ball, location: 2F 2-2: Foul Ball, location: 2F 2-2: Ball 3-2: Strikes out looking
|
Batting: RHB José Carlos Pérez
|
0-0: Called Strike 0-1: Ball 1-1: Foul Ball, location: 2F 1-2: Strikes out swinging
|
Batting: RHB Nelson Abbey
|
0-0: Fly out, F9 (Flyball, 89M)
|
Top of the 6th over - 0 run(s), 0 hit(s), 0 error(s), 0 left on base; Bellevue 2 - Kennesaw 1 |
BOTTOM OF THE 6TH |
Kennesaw Jets batting - Pitching for Bellevue Bruins : RHP Roberto Covas
|
Batting: SHB Juan Torres
|
0-0: Ground out 3-1 (Groundball, 34)
|
Batting: RHB Raúl Guerrero
|
0-0: Ball 1-0: Ground out 4-3 (Groundball, 4)
|
Batting: RHB Raúl Javier Jr.
|
0-0: Fly out, F9 (Flyball, 9LD)
|
Bottom of the 6th over - 0 run(s), 0 hit(s), 0 error(s), 0 left on base; Bellevue 2 - Kennesaw 1 |
TOP OF THE 7TH |
Bellevue Bruins batting - Pitching for Kennesaw Jets : LHP Dave Welch
|
Batting: SHB Ernesto Valenzuela
|
0-0: Ball 1-0: Foul Ball, location: 2F 1-1: Ball 2-1: Ground out 5-3 (Groundball, 56)
|
Batting: RHB Leo Shoemaker
|
0-0: Called Strike 0-1: Ball 1-1: Swinging Strike 1-2: Strikes out swinging
|
Batting: RHB Edgar González
|
0-0: Ball 1-0: TRIPLE (Line Drive, 8LXD)
|
Batting: RHB Luis Rodríguez
|
0-0: Called Strike 0-1: Ball 1-1: Ball 2-1: Hit by Pitch
|
Pitching: RHP Earnest Hunt
|
|
Pinch Hitting: SHB Arsenio Sameiro
|
0-0: Called Strike 0-1: Ball 1-1: Called Strike 1-2: Strikes out looking
|
Top of the 7th over - 0 run(s), 1 hit(s), 0 error(s), 2 left on base; Bellevue 2 - Kennesaw 1 |
BOTTOM OF THE 7TH |
Kennesaw Jets batting - Pitching for Bellevue Bruins : RHP Roberto Covas
|
Now at 1B: Arsenio Sameiro
|
|
Batting: RHB Miguel Angel González
|
0-0: Ball 1-0: Ball 2-0: Ball 3-0: Called Strike 3-1: Called Strike 3-2: Base on Balls
|
Pinch Hitting: SHB Jim Unknown
|
0-0: Called Strike 0-1: Called Strike 0-2: Fly out, F3 (Line Drive, 3) 0-2: Lined into DP, U3 (Line Drive, 3)
|
Batting: LHB Nelson Martínez
|
0-0: Called Strike 0-1: Swinging Strike 0-2: Ball 1-2: Ball 2-2: Fly out, F9 (Line Drive, 89M)
|
Bottom of the 7th over - 0 run(s), 0 hit(s), 0 error(s), 0 left on base; Bellevue 2 - Kennesaw 1 |
TOP OF THE 8TH |
Bellevue Bruins batting - Pitching for Kennesaw Jets : RHP Earnest Hunt
|
Now in LF: Jim Unknown
|
|
Batting: LHB Orlando López
|
0-0: Called Strike 0-1: Ball 1-1: Ball 2-1: Called Strike 2-2: Ball 3-2: SINGLE (Groundball, 34D)
|
Pinch Hitting: LHB Jim Unknown
|
0-0: Ball 1-0: Bunt missed! 1-1: Ball 2-1: Bunt missed! 2-2: Strikes out looking
|
Batting: RHB José Carlos Pérez
|
0-0: Foul Ball, location: 2F 0-1: Ball Orlando López steals 2nd base 1-1: Intentional Walk
|
Batting: RHB Nelson Abbey
|
0-0: Ball 1-0: Ball 2-0: Ball 3-0: Base on Balls Orlando López to third José Carlos Pérez to second
|
Batting: SHB Ernesto Valenzuela
|
0-0: Called Strike 0-1: Foul Ball, location: 2F 0-2: Ball 1-2: Strikes out swinging
|
Batting: RHB Leo Shoemaker
|
0-0: Called Strike 0-1: Foul Ball, location: 2F 0-2: Ball 1-2: Fly out, F8 (Flyball, 8RM)
|
Top of the 8th over - 0 run(s), 1 hit(s), 0 error(s), 3 left on base; Bellevue 2 - Kennesaw 1 |
BOTTOM OF THE 8TH |
Kennesaw Jets batting - Pitching for Bellevue Bruins : RHP Roberto Covas
|
Now in LF: Jim Unknown
|
|
Batting: RHB José Ramos
|
0-0: SINGLE (Groundball, 4M)
|
Batting: RHB Carlos Soto
|
0-0: Sac Bunt - play at first, batter OUT! 1-4 José Ramos to second
|
Batting: RHB Clarence Therrien
|
0-0: Called Strike 0-1: Ball 1-1: Called Strike 1-2: Fly out, F8 (Flyball, 8RM)
|
Batting: SHB Juan Torres
|
0-0: Ball Wild Pitch! José Ramos to third 1-0: SINGLE (Line Drive, 56D) José Ramos scores
|
Batting: RHB Raúl Guerrero
|
0-0: Called Strike 0-1: Ball 1-1: Ball 2-1: Foul Ball, location: 2F 2-2: Ball 3-2: SINGLE (Groundball, 6M) Juan Torres to second Juan Torres to third
|
Batting: RHB Raúl Javier Jr.
|
0-0: Ball 1-0: Ground out 1-3 (Groundball, 13S)
|
Bottom of the 8th over - 1 run(s), 3 hit(s), 0 error(s), 2 left on base; Bellevue 2 - Kennesaw 2 |
TOP OF THE 9TH |
Bellevue Bruins batting - Pitching for Kennesaw Jets : RHP Earnest Hunt
|
Pitching: RHP Will O'Slattery
|
|
Pinch Hitting: RHB Jim Unknown
|
0-0: Fly out, F8 (Line Drive, 8LM)
|
Batting: RHB Luis Rodríguez
|
0-0: Ball 1-0: Foul Ball, location: 2F 1-1: Foul Ball, location: 2F 1-2: Strikes out looking
|
Batting: SHB Arsenio Sameiro
|
0-0: Called Strike 0-1: Foul Ball, location: 2F 0-2: Ball 1-2: Strikes out swinging
|
Top of the 9th over - 0 run(s), 0 hit(s), 0 error(s), 0 left on base; Bellevue 2 - Kennesaw 2 |
BOTTOM OF THE 9TH |
Kennesaw Jets batting - Pitching for Bellevue Bruins : RHP Roberto Covas
|
Pitching: RHP Joe Griffin
|
|
Now in RF: Jim Unknown
|
|
Pinch Hitting: RHB Artie Miller
|
0-0: Ball 1-0: Ball 2-0: Ball 3-0: Base on Balls
|
Batting: LHB Jim Unknown
|
0-0: Ball 1-0: Foul Ball, location: 2F 1-1: Ball 2-1: Swinging Strike 2-2: Ball 3-2: DOUBLE (Flyball, 8LXD) Artie Miller to third
|
Batting: LHB Nelson Martínez
|
0-0: Ball 1-0: Ball 2-0: Called Strike 2-1: Ball 3-1: Foul Ball, location: 2F 3-2: Foul Ball, location: 2F 3-2: Foul Ball, location: 2F 3-2: Foul Ball, location: 2F 3-2: Foul Ball, location: 2F 3-2: SINGLE (Groundball, 34D) Artie Miller scores
|
|